 Dungeon Crawl Stone Soup version 0.20.0-10-g0535bb4 (webtiles) character file.

6792 Devirk the Cleaver (level 11, -19/94 HPs)
             Began as a Hill Orc Fighter on June 6, 2017.
             Was a Believer of Beogh.
             Killed from afar by ldierk's ghost (22 damage)
             ... with a spray of energy
             ... on level 9 of the Dungeon on June 7, 2017.
             The game lasted 02:31:06 (9300 turns).

Devirk the Cleaver (Hill Orc Fighter)               Turns: 9300, Time: 02:31:07

Health: -19/94     AC: 19    Str: 23    XL:     11   Next: 5%
Magic:  11/11      EV:  9    Int:  8    God:    Beogh [**....]
Gold:   269        SH: 11    Dex: 10    Spells: 10/10 levels left

rFire    . . .     SeeInvis .   T - +4 hand axe (curse)
rCold    . . .     Gourm    .   c - +0 shield
rNeg     . . .     Faith    .   b - +3 scale mail
rPois    .         Spirit   .   (no helmet)
rElec    .         Reflect  .   Q - +2 cloak
rCorr    .         Harm     +   B - +2 pair of gloves
MR       .....     Rnd*Tele +   O - +0 pair of boots
Stlth    ..........             g - amulet of harm
Regen    0.3/turn               N - ring of teleportation
MPRegen  0.2/turn               (no ring)

@: about to teleport
A: no striking features
a: Smiting, Renounce Religion


You were on level 9 of the Dungeon.
You worshipped Beogh.
Beogh was pleased with you.
You were not hungry.

You visited 2 branches of the dungeon, and saw 10 of its levels.
You also visited: Ossuary.

You collected 308 gold pieces.
You spent 39 gold pieces at shops.

Inventory:

Hand Weapons
 a - a +1 war axe
 j - a +3 hand axe
 p - a +1 spear of freezing
 x - a +0 hunting sling
 G - a -1 mace
 M - the +4 Vampire's Tooth {vamp}
   (You found it on level 4 of the Dungeon)

   It inflicts no extra harm, but heals its wielder when it wounds a living foe.
 R - a cursed +3 battleaxe
 S - a cursed +3 halberd of freezing
 T - a cursed +4 hand axe (weapon)
Missiles
 h - 40 arrows
 o - 257 stones (quivered)
 s - 2 javelins of penetration
 C - 55 bolts
 I - 28 sling bullets
Armour
 b - a +3 scale mail (worn)
 c - a +0 shield (worn)
 B - a +2 pair of gloves (worn)
 O - a +0 pair of boots (worn)
 Q - a +2 cloak (worn)
Jewellery
 g - an amulet of harm (around neck)
 N - a ring of teleportation (left hand)
Wands
 e - a wand of lightning (3/15)
 L - a wand of iceblast (0/15)
 P - a wand of paralysis (0/24)
Scrolls
 i - a scroll of recharging
 v - a scroll of blinking
 w - 2 scrolls of teleportation
 y - 5 scrolls of amnesia
 F - 2 scrolls of immolation
 U - a scroll of silence {unknown}
Potions
 l - 5 potions of curing
 m - 2 potions of mutation
 n - 2 potions of magic {unknown}
 r - a potion of invisibility
 t - 5 potions of agility
 u - 2 potions of brilliance {unknown}
 z - a potion of experience {unknown}
 A - 3 potions of flight {unknown}
 D - 2 potions of lignification {unknown}
 E - a potion of berserk rage {unknown}
 H - 2 potions of haste
Comestibles
 d - 2 royal jellies
 f - a bread ration
 k - a meat ration


   Skills:
 + Level 8.1 Fighting
 + Level 1.5 Short Blades
 + Level 11.2(11.5) Axes
 + Level 3.8(7.2) Maces & Flails
 + Level 3.8(4.8) Slings
 + Level 4.3(5.0) Throwing
 + Level 7.6 Armour
 + Level 3.0 Dodging
 + Level 1.8 Stealth
 + Level 7.8 Shields
 + Level 0.8 Evocations


You had 10 spell levels left.
You didn't know any spells.

Dungeon Overview and Level Annotations

Branches:
Dungeon (9/15)             Temple (1/1) D:7             Orc (0/2) D:9
   Lair: D:8-11

Altars:
Ashenzari
Cheibriados
Dithmenos
Elyvilon
Fedhas
Gozag
Hepliaklqana
Kikubaaqudgha
Makhleb
Nemelex Xobeh
Okawaru
Qazlal
Ru
Sif Muna
Trog
Uskayaw
Vehumet
Xom
Yredelemnul
Zin

Shops:
D:4 (*   D:5 (   D:6 [*=(?

Annotations:
D:9 ldierk's ghost, novice DECj


Message History

The orb of energy hits you!
Things that are here:
a great sword; a leather armour; a tengu corpse Ldierk's ghost casts a spell at you.
The orb of energy hits you!
* * * LOW HITPOINT WARNING * * *
The orb of energy explodes!
You barely miss ldierk's ghost. You block ldierk's ghost's attack.
You hit ldierk's ghost but do no damage.
Ldierk's ghost points at you and mumbles some strange words.
The spray of energy hits you!
* * * LOW HITPOINT WARNING * * *
As you read the scroll of fear, it crumbles to dust.
You assume a fearsome visage.
Ldierk's ghost is unaffected.
You block ldierk's ghost's attack.
As you read the scroll of teleportation, it crumbles to dust.
You feel strangely unstable.
Ldierk's ghost gestures at you while chanting.
The spray of energy hits you!
You die...

,,,,,,,...........,,,,,,,,*,,,*,*
,,,,,,,,.........#****,*,,*,,,*,*
,...,*#.#........# *,*,,*,,,*,*
.....*#.#.......(# *,*,,**,**,*
...).##.#.†.###..#####.#,,**,**,*
,......................#,,,,,,,,,
.,........†............#,,#*,**,*
..,.....#.#.###..##*****,.#*,**,*
...#.##.#.#.###.@#######..##.#*,*
.....##.........)W....(..(....,,,
........#.#.###[########..####*,*
....###.#.#.###.# *,...# *,*
..........#.....# *,,#.#**,*
#...###.###.###.# **,,,..,,,
#.,,* ### #.# #.# *,*,*#*,* *,,,*
#.# #.# *,*,* *,, *,,,******#.#
#.# *,*,*****


You could see ldierk's ghost.

Vanquished Creatures
  A tengu warrior (D:9)
  The ghost of Kosschaser the Caller, a novice MfSu of Makhleb (D:8)
  A centaur skeleton (D:7)
  A redback zombie (D:7)
  2 hellwings (D:7)
  A harpy zombie (D:7)
  A wyvern (D:9)
  A wraith (D:9)
  2 hungry ghosts (D:9)
  A water moccasin (D:5)
  2 sky beasts (D:6)
  An ice beast (D:5)
  A black bear (D:4)
  A phantom (D:5)
  A necrophage (D:8)
  3 ogres
  A bullfrog (D:7)
  An elf zombie (Ossuary)
  A wyvern skeleton (D:7)
  3 scorpions
  6 wights
  2 vampire bats (D:4)
  4 howler monkeys
  4 crimson imps
  2 jellies
  2 human zombies (Ossuary)
  6 centaur zombies
  2 hounds
  2 bullfrog zombies
  2 bullfrog skeletons
  3 orc priests
  4 orc wizards
  An iguana (D:4)
  6 worker ants
  5 ogre zombies (D:9)
  A big kobold zombie (Ossuary)
  A hound skeleton (D:4)
  4 mummies
  12 gnolls
  A howler monkey skeleton (D:6)
  4 adders
  6 shadow imps
  An adder skeleton (D:8)
  4 adder zombies
  2 worms
  3 dart slugs
  8 leopard geckos
  20 orcs
  3 ball pythons
  10 bats
  9 giant cockroaches
  2 gnoll zombies (Ossuary)
  8 goblins
  5 hobgoblins
  A jackal (D:1)
  4 kobolds
  3 quokkas
  5 frilled lizards
  A goblin skeleton (D:9)
  6 goblin zombies
  6 hobgoblin zombies
  6 jackal zombies (Ossuary)
  4 kobold zombies (Ossuary)
  An orc skeleton (D:9)
  11 orc zombies (D:9)
  4 quokka zombies (Ossuary)
  7 rats
  6 rat zombies (Ossuary)
  A withered plant (D:8)
248 creatures vanquished.

Vanquished Creatures (others)
  An orc (D:6)
1 creature vanquished.

Grand Total: 249 creatures vanquished

Notes
Turn   | Place    | Note
-------+----------+-------------------------------------------
     0 | D:1      | Devirk the Hill Orc Fighter began the quest for the Orb.
     0 | D:1      | Reached XP level 1. HP: 19/19 MP: 1/1
    73 | D:1      | Reached XP level 2. HP: 27/27 MP: 2/2
   459 | D:1      | Reached XP level 3. HP: 26/33 MP: 3/3
   558 | D:1      | Reached skill level 3 in Axes
   886 | D:2      | Found a basalt altar of Yredelemnul.
   887 | D:2      | Found an opulent altar of Gozag.
  1977 | D:3      | Reached XP level 4. HP: 40/40 MP: 4/4
  2080 | D:3      | Reached skill level 1 in Slings
  2513 | D:3      | Found a blossoming altar of Fedhas.
  2924 | D:4      | Found Uqihonk's Assorted Antiques.
  3080 | D:4      | Reached XP level 5. HP: 32/46 MP: 5/5
  3089 | D:4      | Reached skill level 1 in Maces & Flails
  3159 | D:4      | Reached skill level 1 in Throwing
  3167 | D:4      | Found Mumuim's Antique Weapon Shop.
  3309 | D:4      | Reached skill level 1 in Dodging
  3309 | D:4      | Reached XP level 6. HP: 31/53 MP: 6/6
  3384 | D:4      | Found a bloodstained altar of Trog.
  3421 | D:4      | Found a hazy altar of Hepliaklqana.
  3681 | D:4      | Noticed a black bear
  3694 | D:4      | Killed a black bear
  3818 | D:5      | Entered Level 5 of the Dungeon
  3914 | D:5      | Found a sand-covered staircase.
  3956 | Ossuary  | Entered an ossuary
  4039 | Ossuary  | Reached skill level 5 in Fighting
  4039 | Ossuary  | Reached XP level 7. HP: 48/61 MP: 7/7
  4761 | D:5      | Found Haank's Weapon Boutique.
  4893 | D:5      | Found a shimmering altar of Xom.
  5027 | D:5      | Reached skill level 5 in Armour
  5086 | D:5      | Reached skill level 4 in Axes
  5086 | D:5      | Reached XP level 8. HP: 45/69 MP: 8/8
  5102 | D:5      | Reached skill level 5 in Shields
  5136 | D:5      | Reached skill level 5 in Axes
  5287 | D:5      | Reached skill level 6 in Axes
  5417 | D:5      | Reached skill level 1 in Stealth
  5710 | D:6      | Became a worshipper of Beogh the Brigand
  5808 | D:6      | Reached skill level 7 in Axes
  5808 | D:6      | Reached XP level 9. HP: 62/75 MP: 9/9
  5849 | D:6      | Found Usseu's Armour Shoppe.
  5903 | D:6      | Found Kuqiog's Assorted Antiques.
  5987 | D:6      | Found Bankan's Jewellery Emporium.
  5997 | D:6      | Found Zupit's Antique Weapon Boutique.
  6115 | D:6      | Found Docikhas's Magic Scroll Shop.
  6130 | D:6      | Bought a scroll of remove curse for 39 gold pieces
  6560 | D:7      | Noticed a hellwing
  6562 | D:7      | Noticed a hellwing
  6570 | D:7      | Reached skill level 8 in Axes
  6586 | D:7      | Killed a hellwing
  6588 | D:7      | Killed a hellwing
  6597 | D:7      | Reached skill level 9 in Axes
  6607 | D:7      | Reached XP level 10. HP: 19/86 MP: 10/10
  7045 | D:7      | Found a staircase to the Ecumenical Temple.
  7256 | D:7      | Reached * piety under Beogh
  7788 | Temple   | Entered the Ecumenical Temple
  7864 | D:7      | Reached skill level 10 in Axes
  8033 | D:8      | Noticed Kosschaser's ghost (novice MfSu)
  8048 | D:8      | Killed Kosschaser's ghost
  8358 | D:8      | Found a hide-covered altar of Uskayaw.
  8841 | D:8      | Reached skill level 1 in Short Blades
  9127 | D:9      | Reached ** piety under Beogh
  9148 | D:9      | Found a staircase to the Orcish Mines.
  9244 | D:9      | Noticed a tengu warrior
  9267 | D:9      | Killed a tengu warrior
  9267 | D:9      | Reached skill level 11 in Axes
  9267 | D:9      | Reached XP level 11. HP: 46/94 MP: 7/11
  9287 | D:9      | Noticed ldierk's ghost (novice DECj)
  9298 | D:9      | HP: 3/94 [ldierk's ghost/spray of energy (9)]
  9300 | D:9      | Killed from afar by ldierk's ghost

Skill      XL: |  1  2  3  4  5  6  7  8  9 10 |
---------------+-------------------------------+-----
Fighting       | 4 5 6 7 8 |  8.1
Axes           | 3 4 7 9 11 | 11.2
Slings         | 1 2 3 |  3.8
Armour         | 4 5 6 7 |  7.6
Shields        | 4 5 6 7 |  7.8
Maces & Flails | 1 2 3 |  3.8
Throwing       | 1 2 3 4 |  4.3
Dodging        | 1 2 3 |  3.0
Stealth        | 1 |  1.8
Short Blades   | 1 |  1.5
Evocations     | |  0.8

Action                   |  1- 3 |  4- 6 |  7- 9 | 10-12 || total
-------------------------+-------+-------+-------+-------++-------
Melee: War axe           |    76 |       |   170 |    98 ||   344
       Spear             |     1 |       |       |       ||     1
       Mace              |       |   157 |   178 |       ||   335
       Hand axe          |       |       |       |   125 ||   125
       Dagger            |       |       |       |    46 ||    46
 Fire: Hunting sling     |    60 |    39 |    16 |       ||   115
Throw: Javelin           |       |    39 |    54 |    45 ||   138
       Stone             |       |    15 |    28 |    32 ||    75
       Throwing net      |       |       |       |     1 ||     1
Invok: Convert to Beogh  |       |       |     1 |       ||     1
       Smiting           |       |       |       |     1 ||     1
Evoke: Wand              |       |       |    11 |     2 ||    13
  Use: Scroll            |       |     9 |    10 |     6 ||    25
       Potion            |       |     1 |     4 |       ||     5
 Stab: Paralysed         |       |       |     3 |       ||     3
       Invisible         |       |       |     2 |     1 ||     3
  Eat: Meat ration       |     1 |     1 |     1 |     3 ||     6
       Bread ration      |       |     1 |       |     2 ||     3
Armor: Scale mail        |    49 |   131 |   193 |    76 ||   449
Dodge: Dodged            |    37 |    71 |   131 |    45 ||   284
Block: Shield            |    70 |   109 |   185 |   111 ||   475
